 Dungeon Crawl Stone Soup version 0.28.0-43-g3370ac3207 (webtiles) character file.

Game seed: 12309348534577995470

253 tizbic2 the Cudgeller (level 6, 0/57 HPs)
             Began as a Naga Fighter on Mar 9, 2022.
             Killed by nerve-wracking pain
             ... invoked by an orc priest
              (12 damage)
             ... on level 4 of the Dungeon.
             The game lasted 00:14:32 (2450 turns).

tizbic2 the Cudgeller (Naga Fighter)                Turns: 2450, Time: 00:14:33

Health: 0/57       AC:  8    Str: 26    XL:     6   Next: 14%
Magic:  6/6        EV:  5    Int:  8    God:
Gold:   189        SH: 10    Dex: 11    Spells: 5/5 levels left

rFire   . . .      SeeInvis +   n - +3 mace (drain)
rCold   . . .      Faith    .   i - +2 kite shield
rNeg    . . .      Spirit   .   c - +0 chain mail
rPois   +          Reflect  .   (no helmet)
rElec   .          Harm     .   g - +0 cloak
rCorr   .          Rampage  .   (no gloves)
Will    .....                   (no barding)
Stlth   ..........              (no amulet)
HPRegen 0.19/turn               h - +6 ring of strength
MPRegen 0.10/turn               (no ring)

@: mighty, very slow
A: AC +2, large, see invisible, deformed body, poison resistance, slowness 2,
spit poison 1, naga tail 1
a: Spit Poison


You were on level 4 of the Dungeon.
You visited 1 branch of the dungeon, and saw 4 of its levels.

You collected 189 gold pieces.

Inventory:

Hand Weapons
 n - a +3 mace of draining (weapon)
Missiles
 a - 3 poisoned darts
 m - 19 stones
Armour
 c - a +0 chain mail (worn)
 g - a +0 cloak (worn)
 i - a +2 kite shield (worn)
Magical Staves
 k - a staff of air
Jewellery
 h - a +6 ring of strength (left hand)
Scrolls
 o - a scroll of teleportation
 p - a scroll of silence
Potions
 b - 2 potions of mutation {unknown}
 e - 3 potions of brilliance {unknown}
 f - 3 potions of curing {unknown}
 j - a potion of magic {unknown}
 l - a potion of degeneration {unknown}


   Skills:
 + Level 3.7 Fighting
 * Level 3.9 Maces & Flails
 * Level 3.7 Armour
 + Level 3.1 Shields


You had 5 spell levels left.
You didn't know any spells.
Your spell library contained the following spells:

 Spells                   Type           Power      Damage    Failure   Level
 Shock                    Conj/Air       0%         1d3       100%        1
 Corpse Rot               Necr/Air       0%         N/A       100%        2
 Swiftness                Air            0%         N/A       100%        3
 Airstrike                Air            0%         N/A       100%        4
 Dispel Undead            Necr           0%         3d6       100%        4
 Death Channel            Necr           0%         N/A       100%        6


Dungeon Overview and Level Annotations

Branches:
Dungeon (4/15)             Temple (0/1) D:4

Altars:
Ru
Sif Muna


Innate Abilities, Weirdness & Mutations

Your serpentine skin is tough. (AC +2)
You have supernaturally acute eyesight. (SInv)
Armour fits poorly on your strangely shaped body.
Your system is resistant to poisons. (rPois)
You cover ground very slowly.
You can spit poison.
You have a snake-like lower body.


Message History

You barely miss the orc. The orc hits you but does no damage.
You block the orc's attack.
The orc priest mumbles some strange prayers to Beogh against you.
Beogh smites you!
You sock the orc!
You kill the orc!
The orc drinks a potion.
The orc seems to grow stronger.
The orc hits you with a +0 hand axe.
You hit the orc but do no damage. You drain the orc.
The orc is heavily wounded.
The orc hits you but does no damage. x2; The orc hits you with a +0 falchion.
You hit the orc.
You kill the orc!
The orc hits you with a +0 hand axe.
The orc priest hits you with a +0 short sword.
You hit the orc priest.
The orc priest is lightly wounded.
You block the orc's attack.
The orc priest calls upon Beogh to heal the orc priest.
The orc priest's wounds heal themselves!
The orc priest hits you but does no damage.
The orc hits you with a +0 hand axe!
* * * LOW HITPOINT WARNING * * *
You hear a shout!
You feel very mighty all of a sudden. You block the orc priest's attack.
An orc comes into view. It is wielding a +0 trident.
You block the orc's attack.
You sock the orc priest! You drain the orc priest.
The orc priest is almost dead.
The orc priest hits you but does no damage.
You block the orc's attack. x2
You thump the orc priest!
You kill the orc priest!
The orc hits you from afar with a +0 trident.
* * * LOW HITPOINT WARNING * * *
The orc barely misses you.
The orc priest calls down the wrath of Beogh upon you.
Pain shoots through your body!
You die...

#......#.........#....#
#...........>.......
#......#.........#
#......#..⌠...⌠..#.(.
###.............o..'#
#....#.......o.##.#
#....##.##.##.##
#....#..##oo#...
#....#.####@#


ooo. ####..? #.# ..o.. #### #.o .... #### ##'# You could see an orc priest and 2
orcs.

Vanquished Creatures
  A phantom (D:4)
  An orc priest (D:4)
  A hound (D:4)
  An orc wizard (D:4)
  3 adders
  A worm (D:2)
  4 dart slugs
  4 orcs
  4 endoplasms
  2 giant cockroaches (D:2)
  6 goblins (D:1)
  5 hobgoblins
  14 jackals
  3 kobolds
  4 quokkas
  6 ball pythons
  3 bats (D:3)
  6 frilled lizards
  9 rats
78 creatures vanquished.

Notes
Turn   | Place    | Note
-------+----------+-------------------------------------------
     0 | D:1      | tizbic2 the Naga Fighter began the quest for the Orb.
     0 | D:1      | Reached XP level 1. HP: 21/21 MP: 1/1
   103 | D:1      | Reached XP level 2. HP: 28/28 MP: 2/2
   278 | D:1      | Reached XP level 3. HP: 34/34 MP: 3/3
   524 | D:1      | Found a faded altar of an unknown god.
  1076 | D:2      | Found a sacrificial altar of Ru.
  1093 | D:2      | Reached XP level 4. HP: 40/42 MP: 4/4
  2063 | D:3      | Reached XP level 5. HP: 49/49 MP: 5/5
  2214 | D:4      | Found a shimmering blue altar of Sif Muna.
  2266 | D:4      | Noticed a phantom
  2275 | D:4      | Killed a phantom
  2276 | D:4      | Reached XP level 6. HP: 42/57 MP: 6/6
  2423 | D:4      | Found a staircase to the Ecumenical Temple.
  2450 | D:4      | Killed from afar by an orc priest

Illustrated notes

Levels and vault maps discovered:
D:1:      lightli_arrival_lavapool, layout_rooms,
          hellmonk_ecumenical_altar_zigzags, chequers_serial_rivers_small_b,
          minmay_small_reverse_x
D:2:      layout_loops_ring, serial_aquarium, aquarium_bridge_square
          [aquarium_subvault_wall, aquarium_subvault_window,
          aquarium_subvault_bridge, aquarium_subvault_wall],
          aquarium_window_corner, aquarium_window_fake, aquarium_window_double,
          aquarium_view_2g, aquarium_view_2c, aquarium_balcony_1b,
          aquarium_pool_2, basic_altar, grunt_decor_mini_mirrors
D:3:      layout_rooms, serial_rivers, chequers_serial_rivers_room_a,
          chequers_serial_rivers_micro_b, chequers_serial_rivers_micro_d,
          chequers_serial_rivers_micro_e, minmay_crystal_room,
          serial_bayou_pond_b
D:4:      layout_basic, mainiacjoe_overflow_tiny_flanked,
          minmay_temple_entry_large_hall

Skill      XL: |  1  2  3  4  5 |
---------------+----------------+-----
Armour         | 3 |  3.7
Maces & Flails | 3 |  3.9
Shields        | 3 |  3.1
Fighting       | |  3.7

Action                   |  1- 3 |  4- 6 || total
-------------------------+-------+-------++-------
Melee: Flail             |    31 |       ||    31
       Dagger            |    75 |    75 ||   150
       Mace              |       |    44 ||    44
 Abil: Spit Poison       |    20 |    26 ||    46
  Use: Scroll            |     3 |     5 ||     8
       Potion            |       |     1 ||     1
Armor: Scale mail        |    47 |    17 ||    64
       Chain mail        |       |    63 ||    63
Dodge: Dodged            |    29 |    31 ||    60
Block: Buckler           |    11 |       ||    11
       Kite shield       |    26 |    69 ||    95
